Map: Galactic Process LE

Players

iaguz - Winner!

  • Race: Terran Terran

Scarlett

  • Race: Zerg Zerg

Event: WCS Copa Intercontinental

VOD

https://www.youtube.com/watch?v=zLTLeTsLG9o

Description

Time

  • Played on: Sept. 10, 2016, 3:15 p.m.
  • Length: 12:20

All games in this series

Show
View Real Time Build Order
Export as new Build Order

iaguz Terran - Winner!

Build Orders: MMM Bio 

Get SALT Encoding   

  12  0:00  SCV  
  13  0:13  SCV  
  14  0:19  Supply Depot  
  14  0:25  SCV  
  15  0:41  SCV, Barracks  
  16  0:44  Refinery  
  16  0:53  SCV  
  17  0:59  Barracks  
  17  1:05  SCV  
  18  1:17  SCV  
  19  1:28  Reaper  
  19  1:29  Orbital Command  
  20  1:46  Reaper  
  21  1:48  Supply Depot  
  21  1:52  Refinery  
  21  1:56  SCV  
  22  2:04  Reaper  
  23  2:09  SCV  
  24  2:18  Command Center  
  24  2:21  SCV  
  25  2:25  Reaper  
  26  2:34  SCV  
  26  2:36  Marine  
  28  2:46  SCV  
  29  2:54  Supply Depot  
  29  2:55  Factory  
  29  2:58  SCV, Reaper  
  31  3:16  SCV, Reaper  
  33  3:28  SCV  
  34  3:38  Barracks Reactor  
  34  3:40  SCV  
  35  3:44  SCV  
  36  3:52  SCV  
  36  4:01  Factory Tech Lab  
  36  4:02  Starport  
  35  4:04  Orbital Command  
  35  4:08  SCV  
  34  4:11  Barracks Tech Lab, Command Center  
  34  4:16  Marine x2  
  36  4:20  SCV  
  36  4:22  Siege Tank  
  40  4:27  Refinery  
  40  4:30  Marine  
  41  4:32  SCV  
  41  4:33  SCV, Marine  
  44  4:40  Medivac, Marine  
  44  4:43  Stimpack  
  44  4:45  SCV  
  48  4:50  SCV  
  49  4:53  Marine x2  
  49  4:57  SCV  
  52  5:02  SCV  
  52  5:05  Supply Depot  
  53  5:09  Marine  
  54  5:20  Supply Depot  
  54  5:23  Medivac, SCV x2, Siege Tank, Marine x2, Orbital Command  
  63  5:35  SCV x2, Marine  
  66  5:40  Marine  
  67  5:47  SCV x2  
  67  5:49  Engineering Bay  
  69  5:50  Engineering Bay  
  70  5:58  Marine  
  70  5:59  Marine, Starport Reactor  
  71  6:05  SCV x2  
  71  6:07  Factory Reactor  
  71  6:10  Marine  
  74  6:11  Orbital Command  
  74  6:15  Refinery  
  74  6:16  Terran Infantry Weapons Level 1, Terran Infantry Armor Level 1  
  74  6:17  Barracks  
  74  6:19  Barracks x2  
  74  6:20  Barracks  
  74  6:23  Barracks, Marine x2  
  76  6:28  Marine  
  78  6:40  SCV x3, Marine x2  
  66  6:57  SCV  
  66  6:58  Marine x3  
  65  7:04  Widow Mine x2  
  65  7:05  Medivac x2  
  65  7:06  Barracks Reactor x2  
  65  7:07  Barracks Reactor, Marine, Combat Shields  
  65  7:08  Armory  
  73  7:10  Barracks  
  73  7:11  SCV x3  
  76  7:15  Marine  
  76  7:16  Barracks Reactor, Marine  
  76  7:19  Marine  
  79  7:23  SCV x3, Concussive Shells  
  79  7:24  Marine  
  83  7:33  Marine  
  83  7:34  Marine  
  83  7:35  Supply Depot  
  83  7:36  Supply Depot  
  85  7:37  Supply Depot x2  
  85  7:47  Marine x2  
  85  7:48  Medivac x2, SCV x2  
  93  7:56  Marine x4  
  93  7:57  SCV, Marauder  
  100  8:00  Barracks Tech Lab, Marine x2  
  100  8:01  Hellbat x2, Marine x2, Marauder  
  100  8:04  Supply Depot x2  
  112  8:05  SCV x2, Marine  
  112  8:06  Supply Depot  
  112  8:08  Marine  
  114  8:15  Terran Infantry Weapons Level 2  
  114  8:17  Marine  
  117  8:22  Marine x3, Marauder  
  117  8:23  Marine x2, Marauder  
  124  8:30  Marine  
  124  8:31  Marine x2  
  124  8:32  Medivac, Hellbat  
  124  8:33  Medivac, Hellbat  
  133  8:36  Terran Infantry Armor Level 2  
  133  8:39  Marine, Marauder  
  136  8:41  Marine x2  
  136  8:42  Marine  
  136  8:43  Marine  
  136  8:44  Marauder  
  136  8:46  Marine  
  136  8:47  Marine, Marauder  
  146  8:50  Marine  
  146  8:55  Marine x2  
  149  9:02  Marine x2  
  148  9:03  Marauder  
  148  9:05  Marauder  
  148  9:08  Marauder  
  148  9:09  Marine  
  134  9:11  Marine x2  
  134  9:12  Marine  
  134  9:14  Marine x3  
  125  9:21  Marine x3  
  125  9:23  Medivac x2, Hellbat x2  
  129  9:24  Marauder  
  129  9:26  Marine, Marauder  
  129  9:29  Marine, Marauder  
  137  9:36  Marine x2  
  137  9:37  Marine  
  140  9:38  Marine  
  140  9:44  Supply Depot  
  141  9:46  Marauder  
  141  9:48  Supply Depot, Marauder  
  141  9:49  Supply Depot  
  141  9:51  Marauder  
  147  9:58  Marine x3  
  147  9:59  Marine x2  
  113  10:07  Marine, Marauder  
  113  10:08  Marine x3  
  113  10:09  Marauder  
  117  10:15  Marine  
  117  10:16  Marine x2, Marauder  
  117  10:17  Hellbat  
  117  10:18  Hellbat  
  117  10:19  Marine  
  127  10:25  Marine x3  
  130  10:29  Marauder  
  130  10:31  Marauder  
  130  10:32  Marine  
  130  10:34  Marine  
  136  10:37  Marauder  
  138  10:49  Marine x2  
  115  10:50  Marine x3  
  115  10:51  Marine x2  
  115  10:53  Marine x2, Marauder  
  115  10:54  Marine x2  
  116  10:58  Marauder  
  118  11:07  Marine x3  
  118  11:08  Marine  
  118  11:10  Marine  
  117  11:12  Marine, Marauder  
  117  11:15  Marine, Marauder  
  121  11:20  Marauder  
  121  11:23  Marine x3  
  121  11:25  Marine x3  
  123  11:26  Marine  
  123  11:27  Medivac, Hellbat x2  
  123  11:28  Marine  
  123  11:30  Marine  
  134  11:33  Marine, Marauder  
  134  11:34  Medivac  
  134  11:36  Marine  
  140  11:40  Marine  
  140  11:41  Marine  
  142  11:50  Marine x3  
  147  11:54  Marauder  
  147  11:55  Marauder  
  147  11:57  Marine  
  147  11:58  Marine x4  
  147  11:59  Marine x2  
Show
View Real Time Build Order
Export as new Build Order

Scarlett Zerg 

Build Orders: Pool First, Muta Ling Bane 

Get SALT Encoding   

  12  0:00  Drone  
  13  0:12  Overlord  
  13  0:18  Drone  
  14  0:31  Drone x2  
  16  0:37  Drone  
  17  0:44  Spawning Pool  
  17  0:48  Drone  
  17  0:57  Drone  
  18  1:12  Hatchery  
  17  1:18  Extractor  
  17  1:20  Drone  
  17  1:31  Zergling x4  
  17  1:32  Queen  
  21  1:39  Zergling x2  
  22  1:49  Overlord  
  22  2:07  Queen, Drone  
  25  2:11  Drone  
  26  2:27  Roach Warren  
  25  2:34  Queen  
  25  2:36  Drone x4  
  30  2:45  Queen  
  30  2:51  Drone x3  
  34  2:55  Metabolic Boost  
  34  3:00  Overlord  
  34  3:05  Zergling x2  
  35  3:11  Zergling x2  
  36  3:18  Overlord  
  36  3:25  Drone x4  
  36  3:26  Drone  
  41  3:32  Zergling x4  
  41  3:45  Zergling x4  
  41  3:52  Drone x3  
  41  3:53  Drone  
  40  3:59  Drone x2  
  40  4:00  Drone  
  43  4:04  Drone  
  44  4:11  Drone  
  45  4:17  Drone  
  45  4:20  Drone  
  45  4:21  Extractor  
  45  4:22  Queen  
  45  4:23  Hatchery  
  47  4:24  Drone  
  48  4:31  Drone  
  48  4:32  Drone x3  
  48  4:35  Overlord  
  52  4:42  Evolution Chamber  
  52  4:43  Evolution Chamber  
  50  4:49  Drone x2  
  52  4:55  Drone x4  
  52  4:58  Queen  
  58  5:01  Queen  
  58  5:05  Overlord  
  58  5:06  Overlord  
  60  5:11  Zerg Melee Weapons Level 1  
  60  5:16  Zerg Ground Armor Level 1  
  60  5:25  Drone x6  
  66  5:31  Drone, Overlord  
  66  5:32  Drone x2  
  69  5:38  Lair  
  69  5:40  Baneling Nest  
  67  5:46  Queen  
  67  5:47  Overlord  
  68  6:00  Zergling x18  
  68  6:02  Queen  
  79  6:09  Zergling x6  
  79  6:11  Zergling x6  
  85  6:18  Zergling x2  
  85  6:19  Zergling x4  
  85  6:25  Overlord x2  
  88  6:27  Zergling x2  
  88  6:30  Hatchery  
  88  6:38  Zergling x6  
  91  6:40  Centrifical Hooks  
  91  6:42  Baneling  
  91  6:43  Baneling x5  
  91  6:44  Zergling x2  
  83  6:59  Drone x3  
  83  7:00  Drone x9  
  88  7:07  Extractor, Zerg Melee Weapons Level 2  
  87  7:09  Extractor  
  87  7:10  Queen, Extractor  
  87  7:18  Drone x7  
  87  7:19  Spire  
  93  7:26  Drone x2, Extractor  
  93  7:27  Drone  
  95  7:32  Queen  
  95  7:36  Overlord x3  
  97  7:38  Zergling x2  
  97  7:39  Zerg Ground Armor Level 2, Zergling x8  
  102  7:44  Zergling x2  
  102  7:45  Zergling x2  
  104  7:51  Zergling x2  
  104  7:52  Zergling x8  
  104  7:54  Pneumatized Carapace  
  104  7:56  Drone  
  104  7:57  Overseer x2  
  110  8:02  Zergling x2  
  110  8:03  Zergling x4  
  113  8:06  Zergling x14  
  120  8:13  Burrow  
  120  8:14  Zergling x2  
  120  8:15  Zergling x10  
  126  8:20  Zergling x2  
  126  8:21  Zergling x2  
  126  8:24  Zergling x2  
  126  8:25  Zergling x2  
  128  8:29  Baneling x9  
  128  8:30  Baneling x3, Zergling x2  
  128  8:33  Zerg Flyer Weapons Level 1  
  129  8:42  Zergling x14  
  129  8:46  Overlord x2  
  129  8:47  Overlord x3  
  136  8:50  Baneling x6  
  136  8:52  Baneling x2  
  132  9:09  Zergling x16  
  114  9:10  Zergling x2  
  114  9:15  Zergling x2  
  114  9:16  Zergling x10  
  109  9:20  Zergling x2  
  109  9:21  Zergling x8  
  108  9:24  Zergling x2  
  108  9:31  Zergling x4  
  108  9:36  Baneling x7  
  108  9:37  Zergling x8  
  100  9:39  Zergling x2  
  100  9:40  Baneling x6  
  100  9:41  Mutalisk x3  
  104  9:46  Baneling x2  
  104  9:47  Baneling x2  
  104  9:48  Queen  
  106  9:58  Zergling x2  
  106  9:59  Zergling x18  
  98  10:00  Zergling x4  
  98  10:04  Zergling x2  
  93  10:07  Mutalisk x2  
  93  10:11  Baneling  
  93  10:12  Baneling x4  
  96  10:16  Zergling x6  
  99  10:24  Baneling x2  
  99  10:25  Baneling x5  
  99  10:27  Hatchery  
  99  10:28  Baneling x6  
  98  10:37  Zergling x2  
  98  10:38  Zergling x16  
  89  10:52  Zergling x10  
  89  10:53  Zergling x2  
  89  10:54  Zergling x8  
  91  10:57  Zergling x2  
  91  10:58  Zergling x6  
  91  10:59  Baneling x3  
  91  11:02  Zergling x2  
  91  11:05  Zergling x2  
  91  11:07  Zergling x2  
  86  11:15  Zergling x4  
  86  11:16  Zergling x2  
  77  11:21  Baneling x2  
  66  11:32  Baneling x3  
  62  11:50  Zergling x18  
  70  12:01  Zergling x12  
Tags
 
Add a new tag
Caveats
  • Supply blocks, unpowered buildings, or Contaminate may cause inaccurate times.
  • Supply counts are checked every 10 seconds.